Map: Ruby Rock LE

Players

Kimchi - Winner!

  • Race: Terran Terran
  • League: Diamond
  • Spawn Location: 11:00

A.I. 1 (Harder)

  • Race: Protoss Protoss
  • Spawn Location: 5:00

VOD

Have the link to the VOD?

Description

Time

  • Played on: April 24, 2026, 11:46 p.m.
  • Length: 7:01
Show
View Real Time Build Order
Export as new Build Order

Kimchi Terran - Winner!

Build Orders:  

Get SALT Encoding   

  12  0:00  SCV  
  13  0:13  SCV  
  14  0:18  Supply Depot  
  14  0:25  SCV  
  15  0:40  SCV  
  15  0:41  Barracks  
  16  0:44  Refinery  
  16  0:52  SCV  
  17  1:04  SCV  
  18  1:16  SCV  
  19  1:28  Orbital Command  
  19  1:29  Barracks Tech Lab  
  19  1:49  Marauder, Concussive Shells  
  19  1:52  Command Center  
  21  1:58  SCV  
  22  2:03  Supply Depot  
  22  2:10  SCV  
  23  2:25  SCV, Marauder  
  23  2:28  Barracks  
  26  2:33  Barracks  
  26  2:37  SCV  
  26  2:40  Stimpack  
  27  2:46  Marine  
  27  2:49  SCV  
  29  2:58  Refinery  
  29  3:01  SCV  
  29  3:04  Marine  
  29  3:05  Orbital Command  
  31  3:12  Supply Depot  
  31  3:16  Barracks Reactor  
  31  3:18  SCV  
  32  3:21  Barracks Tech Lab  
  32  3:30  SCV  
  32  3:31  Marine  
  32  3:33  SCV  
  35  3:36  Engineering Bay  
  35  3:41  Combat Shield  
  35  3:42  SCV, Marine  
  37  3:48  Marine  
  37  3:54  SCV, Marine x2  
  41  3:58  SCV  
  41  4:00  Marine  
  43  4:05  Factory  
  43  4:08  Terran Infantry Weapons Level 1  
  43  4:11  SCV  
  43  4:12  SCV, Refinery  
  43  4:13  Marine x2  
  47  4:17  Marine  
  47  4:20  Marine  
  47  4:23  SCV  
  50  4:24  SCV  
  50  4:31  Marine  
  51  4:33  Supply Depot  
  51  4:35  Supply Depot, SCV  
  51  4:36  SCV  
  54  4:41  Marine x3  
  57  4:47  SCV  
  57  4:48  SCV  
  57  4:49  Marine  
  57  4:50  Starport, Factory Reactor  
  60  4:58  Marine x3  
  60  4:59  SCV  
  64  5:00  SCV  
  65  5:08  Marine  
  65  5:14  Supply Depot, SCV x2  
  68  5:16  Marine  
  69  5:23  Marine  
  69  5:24  Marine  
  69  5:28  Command Center  
  71  5:34  Marine x2  
  73  5:36  Medivac x2  
  73  5:41  Marine  
  77  6:02  Marine x4  
  66  6:18  Medivac x2  
  66  6:20  Marine x4  
  70  6:38  Marine x2  
  70  6:39  Marine  
  70  6:40  Marine  
  76  6:58  Barracks  
Show
View Real Time Build Order
Export as new Build Order

A.I. 1 (Harder) Protoss 

Build Orders: 1 Gate Expand 

Get SALT Encoding   

  12  0:00  Probe  
  13  0:13  Probe  
  14  0:20  Pylon  
  14  0:25  Probe  
  15  0:34  Probe  
  15  0:42  Probe  
  17  0:50  Gateway  
  17  1:08  Probe  
  17  1:10  Nexus  
  18  1:30  Pylon  
  18  1:31  Assimilator  
  18  1:40  Zealot  
  18  1:43  Probe, Cybernetics Core  
  21  1:55  Probe  
  22  2:07  Gateway  
  22  2:08  Probe  
  23  2:10  Stalker  
  23  2:15  Assimilator  
  25  2:24  Probe, Pylon  
  26  2:35  Stalker  
  26  2:37  Probe  
  29  2:44  Probe  
  29  2:47  Warp Gate  
  29  2:49  Probe  
  31  2:56  Probe  
  32  3:01  Probe  
  32  3:05  Probe  
  33  3:07  Gateway  
  33  3:11  Zealot  
  34  3:13  Probe  
  34  3:14  Probe  
  38  3:28  Stalker  
  40  3:40  Stalker  
  40  3:44  Assimilator  
  42  3:57  Sentry, Assimilator  
  42  4:01  Pylon, Probe  
  45  4:04  Probe  
  36  4:10  Adept, Probe  
  46  4:14  Forge  
  49  4:18  Probe  
  50  4:26  Robotics Facility  
  50  4:29  Probe  
  50  4:36  Probe  
  50  4:37  Protoss Ground Weapons Level 1  
  52  4:40  Probe  
  52  4:42  Pylon  
  53  4:48  Probe  
  55  4:52  Probe  
  55  4:59  Zealot  
  57  5:00  Probe  
  57  5:05  Probe  
  59  5:12  Pylon, Zealot  
  61  5:17  Probe  
  61  5:18  Probe  
  63  5:25  Zealot  
  65  5:29  Probe  
  65  5:30  Probe  
  65  5:32  Pylon  
  67  5:38  Immortal  
  67  5:41  Probe  
  72  5:50  Probe  
  72  5:51  Stalker  
  72  5:54  Probe  
  72  5:55  Pylon  
  74  6:02  Probe  
  74  6:04  Stalker  
  50  6:17  Immortal  
  36  6:19  Probe x2  
  22  6:26  Stalker  
  22  6:29  Probe  
  21  6:38  Probe  
  21  6:39  Stalker  
  20  6:45  Probe  
  17  6:52  Sentry  
Tags
 
League
Diamond
Matchup
PvT
Spawn Locations
Cross Positions
Add a new tag
Caveats
  • Supply blocks, unpowered buildings, or Contaminate may cause inaccurate times.
  • Supply counts are checked every 10 seconds.